AoeStats
← perromelocoton

MegaRandom

505006790Analyzed
1v1 RM · 24d ago on Sep 7, 2026· 18m 10s· 2 players
Game mode
Random Map
Map size
Tiny (2 player)
Population
200
Speed
Normal
Resources
Standard
Victory
Conquest
Starting age
Dark Age
Ending age
Imperial Age
RankedLock teamsTeams togetherTeam positionsShared explorationLock speedFull tech treeHidden civsTurbo modeCheats
Victory
Defeat
🇺🇸 Franks · United States
877
+17
🇪🇸 Gurjaras · Spain
897
-17
caggers
10:28 Feudal Age
13:20 Loom
14:01 Double-Bit Axe
perromelocoton
0:40 Loom
14:31 Feudal Age
15:06 Fishing Lines
15:17 Double-Bit Axe
15:49 Man-at-Arms
17:24 Arson
Connection lost

Rejoining the realm…

Still unreachable

The connection could not be restored.

Session expired

The server has moved on; the page needs a fresh start.